AoeStats
← Kırmızı Balık

Arena

509445833Analyzed
3v3 RM · 6d ago on Sep 26, 2026· 31m 6s· 6 players
Game mode
Random Map
Map size
Normal (6 player)
Population
200
Speed
Normal
Resources
Standard
Victory
Conquest
Starting age
Dark Age
Ending age
Imperial Age
RankedLock teamsTeams togetherTeam positionsShared explorationLock speedFull tech treeHidden civsTurbo modeCheats
Victory
Defeat
🇹🇷 Koreans · Türkiye
1416
+12
🇹🇷 Goths · Türkiye
1401
+13
🇹🇷 Spanish · Türkiye
1394
+13
🇹🇷 Teutons · Türkiye
1424
-16
1312
-12
🇹🇷 Vikings · Türkiye
1268
-10
Çiftetelli oynayan duş başlığı
10:08 Feudal Age
14:37 Castle Age
12:38 Horse Collar
19:50 Heavy Plow
19:44 Stone Mining
21:25 Wheelbarrow
26:24 Fletching
26:34 Padded Archer Armor
26:46 Elite Skirmisher
28:02 Bodkin Arrow
MrBanana
10:44 Feudal Age
14:37 Castle Age
13:00 Double-Bit Axe
13:57 Horse Collar
14:11 Gold Mining
18:31 Loom
24:41 Chieftains
24:46 Fletching
24:56 Padded Archer Armor
25:39 Gold Shaft Mining
25:27 Bow Saw
25:27 Heavy Plow
26:49 Bodkin Arrow
27:53 Leather Archer Armor
27:41 Crossbowman
28:49 Ballistics
28:36 Stone Mining
28:57 Squires
28:42 Arson
33:54 Imperial Age
Kırmızı Balık
10:07 Feudal Age
13:49 Castle Age
12:12 Double-Bit Axe
13:07 Horse Collar
20:06 Bow Saw
20:34 Loom
21:28 Wheelbarrow
22:49 Stone Mining
23:29 Town Watch
25:52 Hand Cart
25:34 Gold Mining
28:23 Scale Barding Armor
28:51 Forging
31:20 Imperial Age
29:27 Bloodlines
29:59 Stone Shaft Mining
29:26 Heavy Plow
29:59 Town Patrol
31:05 Iron Casting
31:31 Chain Barding Armor
DeX_sepultura
10:33 Feudal Age
14:14 Castle Age
12:14 Double-Bit Axe
12:28 Horse Collar
15:58 Bow Saw
19:16 Wheelbarrow
19:35 Heavy Plow
27:51 Imperial Age
26:00 Gold Mining
26:20 Anarchy
26:54 Hand Cart
27:49 Scale Mail Armor
27:59 Forging
28:31 Squires
28:48 Chain Mail Armor
30:34 Iron Casting
29:31 Elite Huskarl
30:13 Perfusion
30:34 Conscription
31:22 Coinage
30:49 Town Watch
30:54 Pikeman
DeX_Senjutsu
10:03 Feudal Age
14:23 Castle Age
12:42 Double-Bit Axe
13:30 Horse Collar
16:06 Bow Saw
16:59 Fletching
20:22 Bodkin Arrow
23:02 Ballistics
24:23 Gold Mining
25:54 Town Watch
26:44 Wheelbarrow
25:55 Loom
26:27 Heavy Plow
30:09 Imperial Age
28:47 Devotion
28:52 Stone Mining
29:36 Husbandry
30:50 Treadmill Crane
31:33 Conscription
31:15 Bracer
32:34 Two-Man Saw
DeX_NadiZZaR
9:39 Feudal Age
13:41 Castle Age
12:15 Double-Bit Axe
12:25 Horse Collar
14:08 Loom
19:44 Padded Archer Armor
20:32 Bow Saw
21:46 Bloodlines
27:19 Leather Archer Armor
31:25 Husbandry
Connection lost

Rejoining the realm…

Still unreachable

The connection could not be restored.

Session expired

The server has moved on; the page needs a fresh start.